TOP OF THE 1ST |
New Amsterdam Republics batting - Pitching for Rocky Mountain Nuggets : RHP Félix Jiménez
|
Pitching: RHP Félix Jiménez
|
|
Batting: RHB José Ramírez
|
0-0: Ball 1-0: Ball 2-0: Swinging Strike 2-1: Ball 3-1: Reached on error, E5 (Groundball, 56)
|
Batting: RHB Ronald Shelton
|
0-0: Called Strike 0-1: Ball 1-1: Ball 2-1: Grounds into double play, 5-4-3 (Groundball, 5)
|
Batting: RHB William Gaines
|
0-0: Called Strike 0-1: Foul Ball, location: 2F 0-2: Ball 1-2: Strikes out looking
|
Top of the 1st over - 0 run(s), 0 hit(s), 1 error(s), 0 left on base; New Amsterdam 0 - Rocky Mountain 0 |
BOTTOM OF THE 1ST |
Rocky Mountain Nuggets batting - Pitching for New Amsterdam Republics : RHP Jorge Rodríguez
|
Pitching: RHP Jorge Rodríguez
|
|
Batting: RHB Mike Green
|
0-0: Ball 1-0: Ball 2-0: Foul Ball, location: 2F 2-1: Ball 3-1: Called Strike 3-2: Strikes out swinging
|
Batting: LHB Keith McKnight
|
0-0: Called Strike 0-1: Ball 1-1: Bunt for hit - play at first, batter OUT! 5-3
|
Batting: RHB David Verhoeve
|
0-0: Ball 1-0: Called Strike 1-1: SINGLE (Line Drive, 89S)
|
Batting: SHB Charles Waller
|
0-0: Ball 1-0: Ball 2-0: Swinging Strike 2-1: Ground out 6-3 (Groundball, 6)
|
Bottom of the 1st over - 0 run(s), 1 hit(s), 0 error(s), 1 left on base; New Amsterdam 0 - Rocky Mountain 0 |
TOP OF THE 2ND |
New Amsterdam Republics batting - Pitching for Rocky Mountain Nuggets : RHP Félix Jiménez
|
Batting: LHB Steve Ingram
|
0-0: Ball 1-0: Ground out 4-3 (Groundball, 4M)
|
Batting: LHB Ken Norman
|
0-0: Ball 1-0: Foul Ball, location: 2F 1-1: Ball 2-1: Foul Ball, location: 2F 2-2: Foul Ball, location: 2F 2-2: Ball 3-2: Base on Balls
|
Batting: RHB Carlos Ortega
|
0-0: 2-RUN HOME RUN (Flyball, 9D), Distance : 380 ft
|
Batting: RHB Noel Livingston
|
0-0: Called Strike 0-1: Swinging Strike 0-2: Foul Ball, location: 2F 0-2: Foul Ball, location: 2F 0-2: Foul Ball, location: 2F 0-2: Ball 1-2: Foul Ball, location: 2F 1-2: Foul Ball, location: 2F 1-2: Ball 2-2: Ball 3-2: SINGLE (Groundball, 6)
|
Batting: RHB Fernando López
|
0-0: Called Strike 0-1: Ball 1-1: Foul Ball, location: 2F 1-2: Strikes out swinging
|
Batting: RHB Jorge Rodríguez
|
0-0: Ball 1-0: Ball 2-0: Called Strike 2-1: Swinging Strike 2-2: Fly out, F8 (Flyball, 8LS)
|
Top of the 2nd over - 2 run(s), 2 hit(s), 0 error(s), 1 left on base; New Amsterdam 2 - Rocky Mountain 0 |
BOTTOM OF THE 2ND |
Rocky Mountain Nuggets batting - Pitching for New Amsterdam Republics : RHP Jorge Rodríguez
|
Batting: RHB Juan Ávila
|
0-0: Swinging Strike 0-1: Foul Ball, location: 2F 0-2: Ball 1-2: Strikes out swinging
|
Batting: SHB Jim Morris
|
0-0: Swinging Strike 0-1: Ball 1-1: Ball 2-1: Foul Ball, location: 2F 2-2: Ball 3-2: Ground out 4-3 (Groundball, 4)
|
Batting: RHB Mark Melton
|
0-0: Ball 1-0: Foul Ball, location: 2F 1-1: Called Strike 1-2: Ball 2-2: Strikes out swinging
|
Bottom of the 2nd over - 0 run(s), 0 hit(s), 0 error(s), 0 left on base; New Amsterdam 2 - Rocky Mountain 0 |
TOP OF THE 3RD |
New Amsterdam Republics batting - Pitching for Rocky Mountain Nuggets : RHP Félix Jiménez
|
Batting: RHB José Ramírez
|
0-0: Foul Ball, location: 2F 0-1: Ball 1-1: Swinging Strike 1-2: Strikes out swinging
|
Batting: RHB Ronald Shelton
|
0-0: Ball 1-0: Called Strike 1-1: Swinging Strike 1-2: Strikes out swinging
|
Batting: RHB William Gaines
|
0-0: Ground out 3-1 (Groundball, 34)
|
Top of the 3rd over - 0 run(s), 0 hit(s), 0 error(s), 0 left on base; New Amsterdam 2 - Rocky Mountain 0 |
BOTTOM OF THE 3RD |
Rocky Mountain Nuggets batting - Pitching for New Amsterdam Republics : RHP Jorge Rodríguez
|
Batting: SHB Quan Ge
|
0-0: Called Strike 0-1: Ball 1-1: Swinging Strike 1-2: Foul Ball, location: 2F 1-2: Ground out 5-3 (Groundball, 5)
|
Batting: RHB Félix Jiménez
|
0-0: Ball 1-0: SINGLE (Flyball, 8LS)
|
Batting: RHB Mike Green
|
0-0: Ball 1-0: Ball 2-0: Called Strike 2-1: Foul Ball, location: 2F 2-2: Foul Ball, location: 2F 2-2: SINGLE (Line Drive, 5D) Félix Jiménez to second
|
Batting: LHB Keith McKnight
|
0-0: Ball 1-0: Foul Ball, location: 2F 1-1: Foul Ball, location: 2F 1-2: Ball 2-2: Fielders Choice at 2nd, 4-6 (Groundball, 4M) Félix Jiménez to third
|
Batting: RHB David Verhoeve
|
0-0: Swinging Strike 0-1: Fielders Choice at 2nd, U6 (Groundball, 6M)
|
Bottom of the 3rd over - 0 run(s), 2 hit(s), 0 error(s), 2 left on base; New Amsterdam 2 - Rocky Mountain 0 |
TOP OF THE 4TH |
New Amsterdam Republics batting - Pitching for Rocky Mountain Nuggets : RHP Félix Jiménez
|
Batting: LHB Steve Ingram
|
0-0: Ball 1-0: Called Strike 1-1: Ball 2-1: Swinging Strike 2-2: Ball 3-2: Foul Ball, location: 2F 3-2: Strikes out swinging
|
Batting: LHB Ken Norman
|
0-0: SOLO HOME RUN (Flyball, 8LXD), Distance : 439 ft
|
Batting: RHB Carlos Ortega
|
0-0: Ball 1-0: Foul Ball, location: 2F 1-1: Ball 2-1: Foul Ball, location: 2F 2-2: Ground out 1-3 (Groundball, 13)
|
Batting: RHB Noel Livingston
|
0-0: Ball 1-0: Ball 2-0: Called Strike 2-1: Called Strike 2-2: Fly out, F9 (Flyball, 89D)
|
Top of the 4th over - 1 run(s), 1 hit(s), 0 error(s), 0 left on base; New Amsterdam 3 - Rocky Mountain 0 |
BOTTOM OF THE 4TH |
Rocky Mountain Nuggets batting - Pitching for New Amsterdam Republics : RHP Jorge Rodríguez
|
Batting: SHB Charles Waller
|
0-0: Called Strike 0-1: Foul Ball, location: 2F 0-2: Ball 1-2: Ball 2-2: Strikes out swinging
|
Batting: RHB Juan Ávila
|
0-0: Foul Ball, location: 2F 0-1: Called Strike 0-2: Ball 1-2: Strikes out looking
|
Batting: SHB Jim Morris
|
0-0: Called Strike 0-1: Foul Ball, location: 2F 0-2: Ball 1-2: Ball 2-2: Fly out, F7 (Flyball, 7D)
|
Bottom of the 4th over - 0 run(s), 0 hit(s), 0 error(s), 0 left on base; New Amsterdam 3 - Rocky Mountain 0 |
TOP OF THE 5TH |
New Amsterdam Republics batting - Pitching for Rocky Mountain Nuggets : RHP Félix Jiménez
|
Batting: RHB Fernando López
|
0-0: Called Strike 0-1: Swinging Strike 0-2: Foul Ball, location: 2F 0-2: Ball 1-2: Ball 2-2: Ball 3-2: Strikes out swinging
|
Batting: RHB Jorge Rodríguez
|
0-0: Ball 1-0: Swinging Strike 1-1: Ball 2-1: Called Strike 2-2: Foul Ball, location: 2F 2-2: Strikes out looking
|
Batting: RHB José Ramírez
|
0-0: Swinging Strike 0-1: Swinging Strike 0-2: Ball 1-2: Foul Ball, location: 2F 1-2: Strikes out swinging
|
Top of the 5th over - 0 run(s), 0 hit(s), 0 error(s), 0 left on base; New Amsterdam 3 - Rocky Mountain 0 |
BOTTOM OF THE 5TH |
Rocky Mountain Nuggets batting - Pitching for New Amsterdam Republics : RHP Jorge Rodríguez
|
Batting: RHB Mark Melton
|
0-0: Ball 1-0: Foul Ball, location: 2F 1-1: Called Strike 1-2: Ball 2-2: Strikes out looking
|
Batting: SHB Quan Ge
|
0-0: Ground out 6-3 (Groundball, 6)
|
Batting: RHB Félix Jiménez
|
0-0: Ball 1-0: Foul Ball, location: 2F 1-1: Foul Ball, location: 2F 1-2: Ball 2-2: Foul Ball, location: 2F 2-2: Foul Ball, location: 2F 2-2: Ground out 6-3 (Groundball, 6)
|
Bottom of the 5th over - 0 run(s), 0 hit(s), 0 error(s), 0 left on base; New Amsterdam 3 - Rocky Mountain 0 |
TOP OF THE 6TH |
New Amsterdam Republics batting - Pitching for Rocky Mountain Nuggets : RHP Félix Jiménez
|
Batting: RHB Ronald Shelton
|
0-0: Called Strike 0-1: DOUBLE (Line Drive, 3D)
|
Batting: RHB William Gaines
|
0-0: Swinging Strike 0-1: Foul Ball, location: 2F 0-2: Ball 1-2: Fly out, F8 (Flyball, 8LD) Runner from 2nd tags up, SAFE at 3rd, no throw
|
Batting: LHB Steve Ingram
|
0-0: Swinging Strike 0-1: Ball 1-1: Ball 2-1: Ball 3-1: Foul Ball, location: 2F 3-2: DOUBLE (Groundball, 3L) Ronald Shelton scores
|
Batting: LHB Ken Norman
|
0-0: Called Strike Steve Ingram steals 3rd base 0-1: Ball 1-1: Foul Ball, location: 2F 1-2: Ball 2-2: Strikes out swinging
|
Batting: RHB Carlos Ortega
|
0-0: Foul Ball, location: 2F 0-1: Foul Ball, location: 2F 0-2: Strikes out swinging
|
Top of the 6th over - 1 run(s), 2 hit(s), 0 error(s), 1 left on base; New Amsterdam 4 - Rocky Mountain 0 |
BOTTOM OF THE 6TH |
Rocky Mountain Nuggets batting - Pitching for New Amsterdam Republics : RHP Jorge Rodríguez
|
Batting: RHB Mike Green
|
0-0: SINGLE (Line Drive, 56)
|
Batting: LHB Keith McKnight
|
0-0: Ball 1-0: Foul Ball, location: 2F 1-1: Foul Ball, location: 2F 1-2: Fly out, F9 (Flyball, 89XD)
|
Batting: RHB David Verhoeve
|
0-0: Called Strike 0-1: SINGLE (Line Drive, 56D) Mike Green to second
|
Batting: SHB Charles Waller
|
0-0: Called Strike 0-1: Ball 1-1: Ball 2-1: 3-RUN HOME RUN (Flyball, 9D), Distance : 386 ft
|
Batting: RHB Juan Ávila
|
0-0: SINGLE (Flyball, 78S)
|
Batting: SHB Jim Morris
|
0-0: Ball 1-0: Foul Ball, location: 2F 1-1: Ball 2-1: Foul Ball, location: 2F 2-2: Reached on Error, E7 (Flyball, 78M) Juan Ávila to second
|
Batting: RHB Mark Melton
|
0-0: Ball 1-0: Ball 2-0: Ball 3-0: Called Strike 3-1: DOUBLE (Flyball, 89M) Juan Ávila scores Jim Morris to third Runner from 3rd tries for Home, SAFE, no throw or cutoff
|
Pitching: RHP Decheng Sun
|
|
Now at 2B: Rich Norman
|
|
Batting: SHB Quan Ge
|
0-0: Swinging Strike 0-1: Called Strike 0-2: Ball 1-2: Ball 2-2: Foul Ball, location: 2F 2-2: SINGLE (Flyball, 78S) Mark Melton to third
|
Pinch Hitting: LHB Peter Paul
|
0-0: Fly out, F7 (Flyball, 7M) Runner from 3rd tags up, SCORES, no throw
|
Batting: RHB Mike Green
|
0-0: Ball 1-0: Foul Ball, location: 2F 1-1: SINGLE (Groundball, 4MD) Quan Ge to second Runner from 2nd tries for 3rd, SAFE, throw made to third
|
Batting: LHB Keith McKnight
|
0-0: Foul Ball, location: 2F 0-1: Ball 1-1: Foul Ball, location: 2F 1-2: Ball 2-2: Fly out, F7 (Flyball, 7LM)
|
Bottom of the 6th over - 6 run(s), 7 hit(s), 1 error(s), 2 left on base; New Amsterdam 4 - Rocky Mountain 6 |
TOP OF THE 7TH |
New Amsterdam Republics batting - Pitching for Rocky Mountain Nuggets : RHP Félix Jiménez
|
Pitching: RHP Richard Davis
|
|
Batting: RHB Noel Livingston
|
0-0: Foul Ball, location: 2F 0-1: Reached on error, E6 (Groundball, 6)
|
Batting: RHB Fernando López
|
0-0: Called Strike 0-1: Swinging Strike 0-2: Ball Balk! Noel Livingston to second 1-2: Ball Wild Pitch! Noel Livingston to third 2-2: Ball 3-2: Ground out 5-3 (Groundball, 5S)
|
Batting: RHB Rich Norman
|
0-0: TRIPLE (Line Drive, 8RM) Noel Livingston scores
|
Pinch Hitting: LHB Stan Lewis
|
0-0: Called Strike 0-1: Ball 1-1: Ball 2-1: Fly out, F8 (Flyball, 8LM) Runner from 3rd tags up, SCORES, throw made
|
Pinch Hitting: LHB Arturo Acosta
|
0-0: Ball 1-0: Called Strike 1-1: Fly out, F8 (Flyball, 8LS)
|
Top of the 7th over - 2 run(s), 1 hit(s), 1 error(s), 0 left on base; New Amsterdam 6 - Rocky Mountain 6 |
BOTTOM OF THE 7TH |
Rocky Mountain Nuggets batting - Pitching for New Amsterdam Republics : RHP Decheng Sun
|
Pitching: RHP Albert Emery
|
|
Now in CF: Stan Lewis
|
|
Batting: RHB David Verhoeve
|
0-0: Ball 1-0: Called Strike 1-1: Foul Ball, location: 2F 1-2: Ground out 5-3 (Groundball, 56)
|
Batting: SHB Charles Waller
|
0-0: Ball 1-0: Swinging Strike 1-1: Called Strike 1-2: Strikes out swinging
|
Batting: RHB Juan Ávila
|
0-0: Swinging Strike 0-1: Ball 1-1: Ball 2-1: Ball 3-1: Base on Balls
|
Batting: SHB Jim Morris
|
0-0: Ball 1-0: SINGLE (Line Drive, 7S) Juan Ávila to second
|
Batting: RHB Mark Melton
|
0-0: Foul Ball, location: 2F 0-1: Ball 1-1: Fly out, F8 (Flyball, 8RM)
|
Bottom of the 7th over - 0 run(s), 1 hit(s), 0 error(s), 2 left on base; New Amsterdam 6 - Rocky Mountain 6 |
TOP OF THE 8TH |
New Amsterdam Republics batting - Pitching for Rocky Mountain Nuggets : RHP Richard Davis
|
Pitching: LHP Ryan Miller
|
|
Now at 1B: Harold Coffman
|
|
Batting: RHB William Gaines
|
0-0: Ball 1-0: Ball 2-0: Foul Ball, location: 2F 2-1: Called Strike 2-2: Ball 3-2: Foul Ball, location: 2F 3-2: SINGLE (Line Drive, 4MD)
|
Pitching: LHP Tommy Blevins
|
|
Batting: LHB Steve Ingram
|
0-0: Ball 1-0: Foul Ball, location: 2F 1-1: Called Strike 1-2: Ball 2-2: Foul Ball, location: 2F 2-2: Strikes out swinging
|
Pitching: RHP Carl Snyder
|
|
Batting: LHB Ken Norman
|
0-0: Grounds into double play, U4-3 (Groundball, 4)
|
Top of the 8th over - 0 run(s), 1 hit(s), 0 error(s), 0 left on base; New Amsterdam 6 - Rocky Mountain 6 |
BOTTOM OF THE 8TH |
Rocky Mountain Nuggets batting - Pitching for New Amsterdam Republics : RHP Albert Emery
|
Batting: SHB Quan Ge
|
0-0: SINGLE (Flyball, 7S)
|
Batting: RHB Harold Coffman
|
0-0: Ball 1-0: Foul Ball, location: 2F 1-1: Ball 2-1: Fly out, F3 (Popup, 3F)
|
Batting: RHB Mike Green
|
0-0: Ball 1-0: Ball 2-0: Ball 3-0: Called Strike 3-1: Base on Balls Quan Ge to second
|
Pitching: LHP Spike Wells
|
|
Pinch Hitting: RHB Clement Fields
|
0-0: Called Strike 0-1: Ball 1-1: Fly out, F8 (Flyball, 8LM)
|
Pitching: RHP Gavin Blackburn
|
|
Batting: RHB David Verhoeve
|
Balk! Quan Ge to third Mike Green to second 0-0: Fly out, F8 (Line Drive, 8LM)
|
Bottom of the 8th over - 0 run(s), 1 hit(s), 0 error(s), 2 left on base; New Amsterdam 6 - Rocky Mountain 6 |
TOP OF THE 9TH |
New Amsterdam Republics batting - Pitching for Rocky Mountain Nuggets : RHP Carl Snyder
|
Now at 3B: Clement Fields
|
|
Batting: RHB Carlos Ortega
|
0-0: Ball 1-0: Ball 2-0: Called Strike 2-1: Ball 3-1: Base on Balls
|
Batting: RHB Noel Livingston
|
0-0: Ball 1-0: Ball 2-0: Ball 3-0: Called Strike 3-1: Called Strike 3-2: Foul Ball, location: 2F 3-2: 2-RUN HOME RUN (Flyball, 8RXD), Distance : 441 ft
|
Pitching: LHP Wayne Downey
|
|
Now at C: Jorge Colomo
|
|
Batting: RHB Fernando López
|
0-0: Called Strike 0-1: Ball 1-1: Swinging Strike 1-2: Strikes out looking
|
Batting: RHB Rich Norman
|
0-0: Ball 1-0: Fly out, F9 (Flyball, 89M)
|
Batting: LHB Stan Lewis
|
0-0: Foul Ball, location: 2F 0-1: Ball 1-1: Swinging Strike 1-2: Ball 2-2: Strikes out swinging
|
Top of the 9th over - 2 run(s), 1 hit(s), 0 error(s), 0 left on base; New Amsterdam 8 - Rocky Mountain 6 |
BOTTOM OF THE 9TH |
Rocky Mountain Nuggets batting - Pitching for New Amsterdam Republics : RHP Gavin Blackburn
|
Pitching: LHP Michael Rondeau
|
|
Batting: SHB Charles Waller
|
0-0: Fly out, F7 (Flyball, 7LM)
|
Batting: RHB Juan Ávila
|
0-0: Ball 1-0: Ball 2-0: Swinging Strike 2-1: Ball 3-1: Fly out, F5 (Line Drive, 5)
|
Batting: SHB Jorge Colomo
|
0-0: Called Strike 0-1: Called Strike 0-2: Ground out 4-3 (Groundball, 4S)
|
Bottom of the 9th over - 0 run(s), 0 hit(s), 0 error(s), 0 left on base; New Amsterdam 8 - Rocky Mountain 6 |
|